 Dungeon Crawl Stone Soup version 0.23.0-41-g86b089e62c (webtiles) character file.

Game seed: 0

1837 1994 the Thaumaturge (level 8, -2/41 HPs)
             Began as a Deep Elf Wizard on Feb 28, 2019.
             Was a Follower of Kikubaaqudgha.
             Killed from afar by an orc wizard (8 damage)
             ... with a magic dart
             ... on level 7 of the Dungeon.
             The game lasted 00:27:15 (7808 turns).

1994 the Thaumaturge (Deep Elf Wizard)              Turns: 7808, Time: 00:27:16

Health: -2/41      AC:  5    Str: 12    XL:     8   Next: 87%
Magic:  6/23       EV:  8    Int: 26    God:    Kikubaaqudgha [*.....]
Gold:   282        SH:  0    Dex: 13    Spells: 13/26 levels left

rFire    . . .     SeeInvis .   F - +2 hand axe of Ukui {chop, rC- Str+6}
rCold    x . .     Gourm    .   (no shield)
rNeg     . . .     Faith    .   t - +0 leather armour
rPois    +         Spirit   .   b - +0 hat
rElec    .         Reflect  .   w - scarf {repulsion}
rCorr    .         Harm     .   (no gloves)
MR       .....                  o - +1 pair of boots
Stlth    ++........             g - amulet of regeneration
HPRegen  0.53/turn              r - +2 ring of strength
MPRegen  0.18/turn              v - ring of poison resistance

@: held, slowed, repel missiles, very slow
A: no striking features
a: Receive Corpses, Renounce Religion


You were on level 7 of the Dungeon.
You worshipped Kikubaaqudgha.
Kikubaaqudgha was aware of your devotion.
You were not hungry.

You visited 2 branches of the dungeon, and saw 8 of its levels.

You collected 282 gold pieces.

Inventory:

Hand Weapons
 e - a +1 dagger of draining
 x - a +2 whip of electrocution
 F - the +2 hand axe of Ukui (weapon) {chop, rC- Str+6}
   (You found it on level 6 of the Dungeon)

   It inflicts extra damage upon your enemies.
   It affects your strength (+6).
   It makes you vulnerable to cold.
Armour
 a - a +0 robe
 b - a +0 hat (worn)
 o - a +1 pair of boots (worn)
 t - a +0 leather armour (worn)
 w - a scarf of repulsion (worn)
Jewellery
 g - an amulet of regeneration (around neck)
 h - an uncursed ring of resist corrosion
 r - a +2 ring of strength (left hand)
 v - a ring of poison resistance (right hand)
 A - a +3 ring of dexterity
 G - a +3 ring of protection
Wands
 y - a wand of flame (15)
 H - a wand of scattershot (6)
Scrolls
 c - 2 scrolls of random uselessness {unknown}
 f - 5 scrolls of remove curse {unknown}
 i - 4 scrolls of identify
 j - 4 scrolls of magic mapping
 k - 2 scrolls of blinking {unknown}
 l - a scroll of amnesia {unknown}
 n - 2 scrolls of teleportation {unknown}
 C - a scroll of noise {unknown}
 E - a scroll of enchant armour {unknown}
 K - a scroll of enchant weapon {unknown}
Potions
 m - 2 potions of mutation
 p - a potion of agility {unknown}
 q - 2 potions of cancellation {unknown}
 s - 2 potions of lignification {unknown}
 u - 2 potions of heal wounds {unknown}
 z - a potion of curing {unknown}
 B - 2 potions of brilliance {unknown}
 D - a potion of degeneration {unknown}
 J - a potion of might {unknown}
Comestibles
 d - 10 rations


   Skills:
 - Level 8.4 Dodging
 - Level 2.4 Stealth
 - Level 9.8 Spellcasting
 - Level 5.3 Conjurations
   Level 1.1 Summonings
 * Level 4.9 Necromancy
 - Level 1.1 Translocations


You had 13 spell levels left.
You knew the following spells:

 Your Spells              Type           Power        Failure   Level  Hunger
a - Magic Dart            Conj           ####         1%          1    None
b - Blink                 Tloc           N/A          6%          2    None
c - Conjure Flame         Conj/Fire      ####....     6%          3    None
d - Animate Skeleton      Necr           N/A          1%          1    None
e - Pain                  Necr           ####         1%          1    None
f - Vampiric Draining     Necr           #####.....   2%          3    None
g - Sublimation of Blood  Necr           #####.....   1%          2    None

Your spell library contained the following spells:

 Spells                   Type           Power        Failure   Level  Hunger
 Sandblast                Erth           ##....       6%          1    None
 Call Imp                 Summ           ###.....     6%          2    None
 Stone Arrow              Conj/Erth      ####..       6%          3    None
 Passwall                 Tmut/Erth      ##......     9%          2    None
 Slow                     Hex            ##......     9%          2    None
 Mephitic Cloud           Conj/Pois/Air  ###.....     9%          3    None
 Petrify                  Tmut/Erth      ##......     52%         4    None
 Lee's Rapid Deconstruct  Erth           ##........   86%         5    ####...


Dungeon Overview and Level Annotations

Branches:
Dungeon (7/15)             Temple (1/1) D:4

Altars:
Ashenzari
Cheibriados
Dithmenos
Elyvilon
Fedhas
Gozag
Hepliaklqana
Kikubaaqudgha
Makhleb
Nemelex Xobeh
Qazlal
Ru
Sif Muna
Uskayaw
Vehumet
Wu Jian
Xom
Zin
The Shining One

Annotations:
D:7 Harold, Menkaure


Message History

The throwing net hits you.
You become entangled in the net!
The goblin throws a stone.
The stone is repelled.
The stone barely misses the kobold.
The orc wizard hits you but does no damage.
Found 13 gold pieces.
You see here a throwing net.
You struggle against the net.
The orc wizard hits you with a +0 dagger.
The kobold hits you but does no damage.
The goblin throws a stone.
The stone is repelled.
The stone closely misses the kobold.
The stone hits the orc but does no damage.
The gnoll hits you with a +0 club. The orc wizard barely misses you.
The kobold barely misses you.
The goblin throws a stone.
The stone hits you but does no damage. The gnoll hits you with a +0 club!
* * * LOW HITPOINT WARNING * * *
You tear a large gash into the net.
The orc wizard casts a spell at you. The magic dart hits you!
You die...
Kikubaaqudgha rasps: "You have failed me!
Welcome... death!"

.........##,,,*,,,,,,,,*****
....?.....#*#****.#.8**,**8*
..........#_._Y,*.#.#**,,,**
..........#....,*...#,*,,,,**
.........##.__S,*...,∩#.,,,,*****
.#.......##._>.,*K.,,..,,,,,,,,,,
....#..####..__,*g##.#,,,,,,*****
...##.##.########...8###**8,*,,,+
............#...@.....[$,****,*,*
............###gKo..#...,,*******
...........###ooK.......,,,,*
#.##.....K.#>gg.........,,,,*****
..K..#..................,,,,,,,,*
.....###......(.{......#,,,,,,,,,
...#.....###...#..M...##,,,,,,*,*
..###......##..#.......*,,,,***,*
.##*#.........##.......*,,,** ***


You could see Menkaure, 2 orc wizards, 3 gnolls, an orc, a goblin and 3 kobolds.

Vanquished Creatures
  Pikel (D:4)
  2 phantoms
  An ice beast (D:6)
  4 slaves
  2 ogres (D:5)
  A centaur (D:6)
  2 bullfrogs (D:6)
  A scorpion (D:6)
  An electric eel (D:6)
  3 howler monkeys (D:7)
  A crimson imp (D:5)
  A bullfrog skeleton (D:5)
  2 hounds
  An orc wizard (D:6)
  2 orc priests
  2 iguanas
  2 worker ants
  7 adders
  7 gnolls
  2 oozes
  2 worms
  2 dart slugs
  3 leopard geckos
  11 orcs
  4 giant cockroaches
  4 goblins
  10 hobgoblins
  4 quokkas
  A ball python (D:2)
  9 bats
  5 frilled lizards
  4 kobolds (D:1)
  A leopard gecko skeleton (D:6)
  A quokka skeleton (D:5)
  12 rats
118 creatures vanquished.

Notes
Turn   | Place    | Note
-------+----------+-------------------------------------------
     0 | D:1      | 1994 the Deep Elf Wizard began the quest for the Orb.
     0 | D:1      | Reached XP level 1. HP: 10/10 MP: 7/7
   302 | D:1      | Reached XP level 2. HP: 15/15 MP: 6/9
   306 | D:1      | Learned a level 2 spell: Blink
  1019 | D:1      | Reached XP level 3. HP: 19/19 MP: 8/11
  1183 | D:1      | Learned a level 3 spell: Conjure Flame
  1590 | D:2      | Reached skill level 5 in Spellcasting
  1755 | D:2      | Reached XP level 4. HP: 23/24 MP: 10/13
  3069 | D:3      | Found a hazy altar of Hepliaklqana.
  3637 | D:4      | Reached XP level 5. HP: 21/28 MP: 4/15
  3806 | D:4      | Found a staircase to the Ecumenical Temple.
  3880 | Temple   | Entered the Ecumenical Temple
  3941 | Temple   | Became a worshipper of Kikubaaqudgha
  4457 | D:5      | Entered Level 5 of the Dungeon
  4510 | D:5      | Found a shattered altar of Ashenzari.
  4530 | D:5      | Noticed an ogre
  4584 | D:5      | Killed an ogre
  4584 | D:5      | Reached XP level 6. HP: 32/32 MP: 9/16
  4678 | D:5      | Reached skill level 6 in Spellcasting
  4760 | D:5      | Found a radiant altar of Vehumet.
  4778 | D:5      | Reached skill level 5 in Conjurations
  4924 | D:5      | Reached skill level 5 in Dodging
  5159 | D:5      | Found a snail-covered altar of Cheibriados.
  5257 | D:5      | Reached XP level 7. HP: 29/36 MP: 11/19
  5659 | D:5      | Reached skill level 7 in Spellcasting
  5849 | D:5      | Noticed Pikel
  6081 | D:4      | Killed Pikel
  6081 | D:4      | Reached skill level 8 in Spellcasting
  6081 | D:4      | Reached XP level 8. HP: 41/41 MP: 1/22
  6231 | D:5      | Found a sacrificial altar of Ru.
  6687 | D:6      | Reached skill level 9 in Spellcasting
  6692 | D:6      | Found a deep blue altar of Sif Muna.
  6958 | D:6      | Found a hide-covered altar of Uskayaw.
  6996 | D:6      | Found a shadowy altar of Dithmenos.
  7268 | D:6      | Reached * piety under Kikubaaqudgha
  7268 | D:6      | Identified Kikubaaqudgha's Handbook of Darkness
                  | (Kikubaaqudgha gifted it to you on level 6 of the Dungeon)
  7268 | D:6      | Received a gift from Kikubaaqudgha
  7272 | D:6      | Learned a level 1 spell: Animate Skeleton
  7274 | D:6      | Learned a level 1 spell: Pain
  7278 | D:6      | Learned a level 3 spell: Vampiric Draining
  7281 | D:6      | Learned a level 2 spell: Sublimation of Blood
  7317 | D:6      | Got a twisted hand axe
  7318 | D:6      | Identified the +2 hand axe of Ukui {chop, rC- Str+6} (You
                  | found it on level 6 of the Dungeon)
  7393 | D:6      | Reached skill level 1 in Necromancy
  7744 | D:7      | Found a shimmering altar of Xom.
  7798 | D:7      | Found a shimmering altar of Xom.
  7803 | D:7      | Noticed Harold
  7803 | D:7      | Noticed Menkaure
  7805 | D:7      | Found a shimmering altar of Xom.
  7805 | D:7      | Found a shimmering altar of Xom.
  7805 | D:7      | Found a shimmering altar of Xom.
  7805 | D:7      | Found a shimmering altar of Xom.
  7805 | D:7      | Found a shimmering altar of Xom.
  7805 | D:7      | Found a shimmering altar of Xom.
  7808 | D:7      | Killed from afar by an orc wizard

Skill      XL: |  1  2  3  4  5  6  7  8 |
---------------+-------------------------+-----
Conjurations   | 2 3 4 5 |  5.3
Dodging        | 3 4 5 7 8 |  8.4
Spellcasting   | 5 6 8 9 |  9.8
Necromancy     | 4 |  4.9
Stealth        | |  2.4
Summonings     | |  1.1
Translocations | |  1.1

Action                   |  1- 3 |  4- 6 |  7- 9 || total
-------------------------+-------+-------+-------++-------
Melee: Dagger            |    17 |     4 |     7 ||    28
       Whip              |       |       |     3 ||     3
       Hand axe          |       |       |     2 ||     2
 Cast: Magic Dart        |    85 |   144 |   220 ||   449
       Blink             |       |     1 |     5 ||     6
       Conjure Flame     |       |     1 |     7 ||     8
       Pain              |       |       |    17 ||    17
  Use: Scroll            |       |       |     2 ||     2
 Stab: Sleeping          |     1 |       |       ||     1
  Eat: Chunk             |     2 |    11 |     4 ||    17
       Ration            |       |       |     1 ||     1
Armor: Robe              |     4 |     1 |       ||     5
       Leather armour    |       |     5 |    16 ||    21
Dodge: Dodged            |    15 |    19 |    64 ||    98
       Deflected         |       |       |     4 ||     4
